 Dungeon Crawl Stone Soup version 0.27-a0-1065-ge809cff456 (webtiles) character file.

Game seed: 15634580670644135893

73 porpoise the Magician (level 4, -1/34 HPs)
             Began as a Djinni Venom Mage on Apr 22, 2021.
             Slain by a gnoll
             ... wielding a +0 whip
              (11 damage)
             ... on level 3 of the Dungeon.
             The game lasted 00:07:53 (3267 turns).

porpoise the Magician (Djinni Venom Mage)           Turns: 3267, Time: 00:07:54

Health: -1/34      AC:  2    Str:  7    XL:     4   Next: 27%
Gold:   96         EV: 12    Int: 18    God:
                   SH:  0    Dex: 13

rFire    + + .     SeeInvis .   a - +0 quarterstaff
rCold    x . .     Faith    .   (shield currently unavailable)
rNeg     . . .     Spirit   .   c - +0 robe
rPois    ∞         Reflect  .   (no helmet)
rElec    .         Harm     .   (no cloak)
rCorr    .         Rampage  .   (no gloves)
Will     .....                  (boots unavailable)
Stlth    ++........             (no amulet)
HPRegen  0.11/turn              (no ring)
MPRegen  0.00/turn              (no ring)

@: flying
A: fire resistance 2, cold vulnerability 1, float, innate caster, hp casting,
extra vitality 1
a: no special abilities


You were on level 3 of the Dungeon.
You visited 1 branch of the dungeon, and saw 3 of its levels.

You collected 96 gold pieces.

Inventory:

Hand Weapons
 a - a +0 quarterstaff (weapon)
 o - a +0 trident
Missiles
 d - 36 sling bullets
 g - 30 stones
 j - 19 arrows
Armour
 c - a +0 robe (worn)
 n - a +0 kite shield
Magical Staves
 p - a staff of fire
Scrolls
 b - 3 scrolls of identify {unknown}
 k - 2 scrolls of vulnerability {unknown}
 l - a scroll of teleportation {unknown}
 m - a scroll of fear {unknown}
Potions
 e - a potion of brilliance {unknown}
 f - a potion of degeneration {unknown}
 h - a potion of cancellation {unknown}
 i - a potion of attraction {unknown}


   Skills:
 + Level 2.5 Fighting
 - Level 2.1 Dodging
 - Level 1.5 Stealth
 + Level 3.5 Spellcasting


You couldn't memorise any spells.
You knew the following spells:

 Your Spells              Type           Power      Damage    Failure   Level
a - Sting                 Tmut/Pois      64%        1d6       3%          1
i - Ignite Poison         Fire/Tmut/Pois 16%        N/A       11%         3
m - Mephitic Cloud        Conj/Pois/Air  16%        N/A       11%         3
o - Olgreb's Toxic Radia  Pois           16%        N/A       34%         4
r - Corona                Hex            17%        N/A       3%          1
v - Poisonous Vapours     Pois/Air       32%        N/A       5%          2
Your spell library was empty.

Dungeon Overview and Level Annotations

Branches:
Dungeon (3/15)

Altars:

Shops:
D:1 *(


Innate Abilities, Weirdness & Mutations

You are immune to poison.
Your flesh is very heat resistant. (rF++)
You are vulnerable to cold. (rC-)
You float through the air rather than walking.
You learn spells naturally, not from books.
Your magical power is your life essence.
You have superior vitality. (+4 HP)


Message History

The sting hits the gnoll but does no damage.
The gnoll looks as sick as possible!
The gnoll is severely wounded.
You hit the gnoll.
You kill the gnoll!
You start resting.
A gnoll is nearby!
Casting: Sting (safe; 3% risk of failure)
Confirm with . or Enter, or press ? or * to list all spells.
Aiming: Poisonous Vapours (safe; 5% risk of failure)
Press: ? - help, Dir - move target, f - gnoll
Aim: a gnoll, wielding a +0 whip (wandering, hasn't noticed you) Poisonous vapours surround the gnoll!
The gnoll shouts!
The gnoll is engulfed in poison gas.
The gnoll is poisoned.
Casting: Poisonous Vapours (safe; 5% risk of failure)
Confirm with . or Enter, or press ? or * to list all spells.
Aiming: Poisonous Vapours (safe; 5% risk of failure)
Press: ? - help, Dir - move target, f/p - gnoll
Aim: a gnoll, wielding a +0 whip (lightly wounded, poisoned) Poisonous vapours surround the gnoll!
The gnoll is engulfed in poison gas.
The gnoll looks even sicker.
You hit the gnoll.
The gnoll is heavily wounded.
The gnoll misses you.
A gnoll comes into view. It is wielding a +0 whip.
You hit the gnoll.
The gnoll is severely wounded.
The gnoll completely misses you. The gnoll hits you with a +0 whip!
You closely miss the gnoll.
The gnoll is severely wounded.
The gnoll completely misses you.
You completely miss the gnoll.
The gnoll is almost dead.
The gnoll closely misses you. The gnoll hits you with a +0 whip.
* * * LOW HITPOINT WARNING * * *
You hit the gnoll.
You kill the gnoll!
The gnoll hits you with a +0 whip!
You die...

##.#....# #.. ..
........g. . .. .#
#......###.###.##.#
#.##..............##+##
#.##...................
..##..####.# #...#
...........####...#
#.##.###.....##g).##+#####
#.##.###...<.###@.##.....#
#.##..............##....^#
#.##...............+.....#
#.######......##..##.....#
... #......##..##.# ..#
#......##...#.# ..#
#......##.#.#.#
#####.....#...#
#..##.##..#


You could see a gnoll.

Vanquished Creatures
  2 gnolls (D:3)
  An adder (D:2)
  A worm (D:2)
  9 ball pythons
  4 endoplasms
  3 giant cockroaches
  4 hobgoblins (D:1)
  9 jackals
  2 quokkas (D:1)
  A bat (D:3)
  A frilled lizard (D:2)
  2 goblins (D:2)
  3 kobolds
  3 rats
45 creatures vanquished.

Notes
Turn   | Place    | Note
-------+----------+-------------------------------------------
     0 | D:1      | porpoise the Djinni Venom Mage began the quest for the Orb.
     0 | D:1      | Reached XP level 1. HP: 15/15 MP: 0/0
   166 | D:1      | Found Jifirriden's Assorted Antiques.
   335 | D:1      | Reached skill level 1 in Fighting
   335 | D:1      | Reached XP level 2. HP: 21/22 MP: 0/0
   558 | D:1      | Found a faded altar of an unknown god.
   613 | D:1      | Reached skill level 3 in Spellcasting
   910 | D:1      | Reached XP level 3. HP: 10/27 MP: 0/0
   910 | D:1      | Learned a level 1 spell: Corona
  1129 | D:1      | Found Tuitetic's Weapon Emporium.
  2991 | D:3      | Reached XP level 4. HP: 30/33 MP: 0/0
  3267 | D:3      | Slain by a gnoll

Illustrated notes

Levels and vault maps discovered:
D:1:      dpeg_arrival_court, layout_basic, chequers_ecumenical_altar_simple,
          serial_shops, nicolae_shop_trees, nicolae_shop_overgrown_old_shop,
          serial_bayou_pond_e
D:2:      layout_basic, serial_co_window_serial, co_window_paths_b,
          co_window_of_opportunity_a, co_window_of_opportunity_a,
          co_window_corner_a, co_window_corner_a, co_window_corner_a,
          co_window_corner_b, co_window_broadway_b, co_window_paths_c,
          glass_columns_a, glass_columns_b, glass_columns_a
D:3:      layout_basic

Skill      XL: |  1  2  3 |
---------------+----------+-----
Fighting       | 1 2 |  2.5
Spellcasting   | 3 |  3.5
Dodging        | |  2.1
Stealth        | |  1.5

Action                   |  1- 3 |  4- 6 || total
-------------------------+-------+-------++-------
Melee: Falchion          |    14 |       ||    14
       Trident           |     7 |     1 ||     8
       Quarterstaff      |       |     6 ||     6
 Cast: Sting             |    51 |     8 ||    59
       Poisonous Vapours |    12 |     5 ||    17
Armor: Robe              |     4 |       ||     4
Dodge: Dodged            |    23 |     6 ||    29
       Rpst.: Falchion   |     8 |       ||     8

Table legend: (Time is in decaauts)
 A = Elapsed time spent in this place.
 B = Non-inter-level travel time spent in this place.
 C = Inter-level travel time spent in this place.
 D = Time resting spent in this place.
 E = Time spent auto-exploring this place.
 F = Levels seen in this place.
 G = Mean time per level.
                   A        B        C        D        E       F      G
               +--------+--------+--------+--------+--------+-----+--------+
         Total |   3273 |   3131 |    142 |   1110 |   1672 |   3 | 1091.0 |
       Dungeon |   3273 |   3131 |    142 |   1110 |   1672 |   3 | 1091.0 |
               +--------+--------+--------+--------+--------+-----+--------+

Top non-repeatable levels by time:
     D:1: 1649 daAuts
     D:2: 1339 daAuts
     D:3: 284 daAuts
